AoeStats
← The_KaizeI2

Arabia

509102308Analyzed
1v1 RM · 8d ago on Sep 25, 2026· 53m 52s· 2 players
Game mode
Random Map
Map size
Tiny (2 player)
Population
200
Speed
Normal
Resources
Standard
Victory
Conquest
Starting age
Dark Age
Ending age
Imperial Age
RankedLock teamsTeams togetherTeam positionsShared explorationLock speedFull tech treeHidden civsTurbo modeCheats
Victory
Defeat
🇨🇭 Goths · Switzerland
617
+13
🇮🇳 Berbers · India
540
-13
khnayz
11:35 Feudal Age
11:58 Horse Collar
13:06 Double-Bit Axe
16:57 Gold Mining
20:41 Castle Age
19:45 Scale Barding Armor
19:55 Bloodlines
20:42 Forging
20:23 Fletching
21:04 Padded Archer Armor
21:49 Stone Mining
22:29 Husbandry
24:28 Stone Shaft Mining
25:43 Bow Saw
25:36 Heavy Plow
31:30 Imperial Age
30:19 Gold Shaft Mining
31:14 Chain Barding Armor
31:29 Iron Casting
30:50 Bodkin Arrow
31:11 Leather Archer Armor
31:53 Wheelbarrow
31:59 Wheelbarrow
31:50 Ballistics
31:43 Masonry
32:00 Murder Holes
31:59 Light Cavalry
32:51 Hussar
34:43 Hoardings
35:38 Hand Cart
35:12 Loom
35:24 Elite Genitour
38:06 Chemistry
37:08 Heavy Camel Rider
39:11 Blast Furnace
40:05 Ring Archer Armor
40:22 Siege Engineers
43:16 Town Watch
44:54 Cavalier
47:50 Bracer
50:09 Heavy Cavalry Archer
The_KaizeI2
7:51 Loom
14:21 Feudal Age
14:47 Double-Bit Axe
14:51 Horse Collar
23:52 Castle Age
23:02 Stone Mining
23:47 Gold Mining
24:17 Forging
25:13 Bow Saw
25:09 Heavy Plow
26:20 Stone Shaft Mining
28:18 Wheelbarrow
27:30 Town Watch
27:23 Pikeman
28:39 Squires
28:02 Elite Skirmisher
30:34 Iron Casting
30:07 Scale Mail Armor
31:06 Hand Cart
30:52 Town Patrol
36:16 Imperial Age
35:35 Ballistics
35:11 Murder Holes
35:28 Anarchy
36:19 Elite Huskarl
38:46 Perfusion
39:07 Conscription
42:05 Chemistry
41:13 Halberdier
Connection lost

Rejoining the realm…

Still unreachable

The connection could not be restored.

Session expired

The server has moved on; the page needs a fresh start.